Map: Thunderbird LE

Players

Maru - Winner!

  • Race: Terran Terran
  • Spawn Location: 5:00

TIME (Oliveira)

  • Race: Terran Terran
  • Spawn Location: 11:00

Event: 2019 WCS Global FInals

VOD

Have the link to the VOD?

Description

Time

  • Played on: Oct. 24, 2019, 11 p.m.
  • Length: 4:38

All games in this series

Show
View Real Time Build Order
Export as new Build Order

Maru Terran - Winner!

Build Orders:  

Get SALT Encoding   

  12  0:00  SCV  
  13  0:15  Supply Depot  
  13  0:17  SCV  
  14  0:39  Barracks  
  14  0:41  Refinery  
  14  0:53  Barracks  
  14  0:57  SCV  
  15  1:09  SCV  
  17  1:26  Reaper  
  17  1:28  Orbital Command  
  17  1:33  Refinery  
  17  1:43  Reaper  
  18  1:53  SCV  
  19  2:01  Reaper  
  20  2:05  SCV  
  21  2:08  Supply Depot  
  21  2:15  Reaper  
  21  2:18  SCV  
  23  2:30  SCV  
  23  2:31  Factory  
  24  2:42  SCV  
  25  2:52  Command Center  
  25  2:55  SCV  
  26  3:07  SCV  
  27  3:19  SCV  
  28  3:22  Factory Tech Lab  
  28  3:30  Starport  
  28  3:31  SCV  
  29  3:43  SCV  
  29  3:44  Command Center  
  30  4:00  SCV  
  31  4:03  Cyclone  
  31  4:09  SCV  
  34  4:23  Starport Tech Lab, Barracks Reactor  
  34  4:24  SCV  
Show
View Real Time Build Order
Export as new Build Order

TIME Terran 

Build Orders:  

Get SALT Encoding   

  12  0:00  SCV  
  13  0:12  SCV  
  14  0:17  Supply Depot  
  14  0:24  SCV  
  15  0:38  SCV  
  15  0:40  Barracks  
  16  0:43  Refinery  
  16  0:50  SCV  
  17  1:03  SCV  
  18  1:15  SCV  
  19  1:28  Reaper, Orbital Command  
  20  1:45  Supply Depot  
  20  1:46  Bunker  
  20  1:47  Refinery  
  20  1:54  SCV  
  20  2:00  Marine  
  22  2:04  Factory  
  22  2:07  SCV  
  22  2:17  Marine  
  22  2:19  SCV  
  24  2:31  SCV  
  24  2:35  Command Center  
  25  2:37  Marine  
  25  2:43  SCV  
  27  2:49  Starport  
  27  2:52  Factory Tech Lab  
  27  2:55  SCV  
  27  2:57  Barracks Reactor  
  27  3:07  SCV  
  27  3:11  Cyclone  
  31  3:24  Supply Depot  
  30  3:27  Command Center  
  30  3:31  SCV  
  31  3:41  Supply Depot  
  31  3:45  Marine x2  
  33  3:50  Factory Tech Lab  
  33  3:56  Factory Tech Lab  
  33  4:03  Marine, SCV  
  33  4:07  Marine  
  33  4:15  SCV  
Tags
 
Add a new tag
Caveats
  • Supply blocks, unpowered buildings, or Contaminate may cause inaccurate times.
  • Supply counts are checked every 10 seconds.